 Dungeon Crawl Stone Soup version 0.26.0-10-g1f06aea511 (webtiles) character file.

Game seed: 12929899415855267740

2240 Borgoz the Slasher (level 9, -5/74 HPs)
             Began as a Ghoul Gladiator on Jan 15, 2021.
             Was a Believer of Okawaru.
             Slain by a shadow (27 damage)
             ... on level 9 of the Dungeon.
             The game lasted 00:11:43 (7800 turns).

Borgoz the Slasher (Ghoul Gladiator)                Turns: 7800, Time: 00:11:44

Health: -5/74      AC:  9    Str: 23 (24) XL:     9   Next: 36%
Magic:  10/10      EV: 14    Int:  2 (3)  God:    Okawaru [**....]
Gold:   491        SH:  0    Dex: 13      Spells: 5/8 levels left

rFire    . . .     SeeInvis .   a - +0 long sword
rCold    + + .     Faith    .   (no shield)
rNeg     + + +     Spirit   .   b - +0 leather armour
rPois    ∞         Reflect  .   c - +0 helmet
rElec    .         Harm     .   q - +0 cloak
rCorr    .         Rampage  .   p - +2 pair of gloves
Will     .....                  (no boots)
Stlth    +.........             (no amulet)
HPRegen  0.00/turn              s - +6 ring of strength
MPRegen  0.12/turn              n - ring of protection from cold

@: no status effects
A: claws 1, cold resistance 1, negative energy resistance 3, inhibited
regeneration, torment resistance, unbreathing
a: Renounce Religion, Heroism


You were on level 9 of the Dungeon.
You worshipped Okawaru.
Okawaru was pleased with you.
You visited 2 branches of the dungeon, and saw 9 of its levels.

You collected 491 gold pieces.

Inventory:

Hand Weapons
 a - a +0 long sword (weapon)
 d - a +0 great sword
Armour
 b - a +0 leather armour (worn)
 c - a +0 helmet (worn)
 p - a +2 pair of gloves (worn)
 q - a +0 cloak (worn)
Jewellery
 n - a ring of protection from cold (right hand)
 s - a +6 ring of strength (left hand)
Scrolls
 f - 4 scrolls of blinking
 g - a scroll of magic mapping
 h - 5 scrolls of teleportation
 i - 3 scrolls of remove curse
 l - a scroll of enchant weapon {unknown}
 m - a scroll of fog
Potions
 e - 4 potions of flight
 j - a potion of mutation
 o - a potion of cancellation


   Skills:
 + Level 5.5 Fighting
 * Level 6.7 Long Blades
 - Level 1.7 Throwing
 * Level 6.0 Armour
 + Level 5.1 Dodging
 + Level 3.4 Invocations


You had 5 spell levels left.
You knew the following spells:

 Your Spells              Type           Power        Failure   Level
a - Confusing Touch       Hex            0%           91%         3

Your spell library contained the following spells:

 Spells                   Type           Power        Failure   Level
 Corona                   Hex            0%           58%         1
 Magic Dart               Conj           0%           58%         1
 Ensorcelled Hibernation  Hex/Ice        0%           73%         2
 Searing Ray              Conj           0%           73%         2
 Dazzling Flash           Conj/Hex       0%           91%         3
 Tukima's Dance           Hex            0%           91%         3
 Fulminant Prism          Conj/Hex       0%           100%        4
 Iskenderun's Mystic Bla  Conj/Tloc      0%           100%        4


Dungeon Overview and Level Annotations

Branches:
Dungeon (9/15)             Temple (1/1) D:5             Orc (0/2) D:9
   Lair: D:8-11

Altars:
Ashenzari
Cheibriados
Dithmenos
Elyvilon
Fedhas
Gozag
Hepliaklqana
Kikubaaqudgha
Makhleb
Nemelex Xobeh
Okawaru
Qazlal
Ru
Sif Muna
Trog
Uskayaw
Vehumet
Wu Jian
Xom
Yredelemnul
Zin
The Shining One

Shops:
D:6 (

Annotations:
D:3 2 transporters, Aviak's ghost, amateur DrFE; Sigmund


Innate Abilities, Weirdness & Mutations

You thrive by killing the living.
You are immune to poison.
You have sharp fingernails.
Your flesh is cold resistant. (rC+)
You are immune to negative energy. (rN+++)
You do not regenerate when monsters are visible.
You are immune to unholy pain and torment.
You can survive without breathing.


Message History

The shadow strikes at you from the darkness!
Reactivating autopickup.
You are too injured to fight recklessly!
You are too injured to fight recklessly!
You are too injured to fight recklessly!
You closely miss the shadow.
The shadow is severely damaged.
The hobgoblin zombie hits you.
* * * LOW HITPOINT WARNING * * *
The shadow barely misses you.
You riposte.
You slash the shadow!
You destroy the shadow!
Okawaru is honoured by your kill.
Your Armour skill increases to level 6!
You slash the hobgoblin zombie!
You destroy the hobgoblin zombie!
The orc zombie barely misses you.
You riposte.
You slash the orc zombie!
You destroy the orc zombie!
Okawaru accepts your kill.
The shadow strikes at you from the darkness!
You die... .....#. .....#. ....... ....ZZZ >..Z8Z. ..ZZZ.Z## .[ZZZZZ.#

Z.Z..##@####
..Z #.....#
Z #.....#
#.....+
###.....#
#...)...#
#.......#
#.......#
##'######


You could see a goblin zombie, 2 hobgoblin zombies, 6 orc zombies, 3 ogre
zombies, a troll zombie and an orc skeleton.

Vanquished Creatures
  Grinder (D:6)
  A shadow (D:9)
  2 ogres
  2 centaurs (D:5)
  Blork the orc (D:5)
  3 bullfrogs (D:6)
  4 scorpions
  4 wights
  2 hounds
  A centaur zombie (D:6)
  A jelly (D:4)
  5 orc priests
  10 orc wizards
  2 iguanas
  3 worker ants
  A hound skeleton (D:5)
  A worker ant zombie (D:8)
  4 gnolls (D:5)
  7 adders
  2 shadow imps
  An ooze (D:4)
  5 adder skeletons
  An adder zombie (D:5)
  2 worms
  A dart slug (D:3)
  4 leopard geckos
  23 orcs
  2 bat zombies (D:2)
  10 giant cockroaches
  4 goblins
  7 hobgoblins
  2 quokkas
  A ball python (D:6)
  6 bats
  5 frilled lizards
  A goblin zombie (D:9)
  A hobgoblin zombie (D:9)
  A jackal zombie (D:5)
  14 kobolds
  An orc skeleton (D:9)
  2 orc zombies (D:9)
  11 rats
162 creatures vanquished.

Notes
Turn   | Place    | Note
-------+----------+-------------------------------------------
     0 | D:1      | Borgoz the Ghoul Gladiator began the quest for the Orb.
     0 | D:1      | Reached XP level 1. HP: 17/17 MP: 0/0
   122 | D:1      | Reached XP level 2. HP: 24/24 MP: 1/1
   313 | D:1      | Reached skill level 1 in Armour
   642 | D:2      | Reached XP level 3. HP: 29/30 MP: 2/2
   850 | D:2      | Found a glowing golden altar of the Shining One.
  1273 | D:2      | Reached XP level 4. HP: 35/37 MP: 3/3
  1854 | D:3      | Found a faded altar of an unknown god.
  2066 | D:3      | Found a sacrificial altar of Ru.
  2103 | D:3      | Found a transporter.
  2104 | D:3      | Noticed Aviak's ghost (amateur DrFE)
  2105 | D:3      | Noticed an ogre
  2106 | D:3      | Noticed an ogre
  2107 | D:3      | Found a transporter.
  2264 | D:3      | Noticed an ogre
  2282 | D:3      | Killed an ogre
  2283 | D:3      | Reached XP level 5. HP: 26/45 MP: 4/4
  2439 | D:3      | Noticed Sigmund
  2887 | D:4      | Reached XP level 6. HP: 49/51 MP: 5/5
  3591 | D:4      | Reached XP level 7. HP: 58/58 MP: 6/6
  4057 | D:5      | Entered Level 5 of the Dungeon
  4112 | D:5      | Found a blossoming altar of Fedhas.
  4112 | D:5      | Found a hazy altar of Hepliaklqana.
  4217 | D:5      | Found a burning altar of Makhleb.
  4219 | D:5      | Found a snail-covered altar of Cheibriados.
  4221 | D:5      | Found a bloodstained altar of Trog.
  4301 | D:5      | Reached skill level 5 in Long Blades
  4572 | D:5      | Found a staircase to the Ecumenical Temple.
  4685 | Temple   | Entered the Ecumenical Temple
  4785 | Temple   | Became a worshipper of Warmaster Okawaru
  5102 | D:5      | Noticed Blork the orc
  5114 | D:5      | Killed Blork the orc
  5115 | D:5      | Reached skill level 1 in Invocations
  5115 | D:5      | Reached XP level 8. HP: 67/67 MP: 7/7
  5375 | D:6      | Noticed Grinder
  5404 | D:6      | Killed Grinder
  5404 | D:6      | Reached * piety under Okawaru
  5405 | D:6      | Reached skill level 5 in Armour
  5825 | D:6      | Found Donlyix's Antique Weapon Shoppe.
  6104 | D:5      | Reached skill level 5 in Fighting
  6612 | D:6      | Reached XP level 9. HP: 65/74 MP: 10/10
  7061 | D:6      | Reached ** piety under Okawaru
  7261 | D:6      | You fall into a shaft and drop 3 floors!
  7344 | D:9      | Learned a level 3 spell: Confusing Touch
  7369 | D:8      | Reached skill level 5 in Dodging
  7780 | D:9      | Found a staircase to the Orcish Mines.
  7800 | D:9      | Slain by a shadow

Illustrated notes

Levels and vault maps discovered:
D:1:      lightli_arrival_isolated_outpost, layout_basic, columned_hall_lemuel,
          st_stairs_14, minmay_liquid_box
D:2:      layout_loops_corners, tso_metal_star, serial_undead, serial_undead_e,
          serial_undead_e, serial_undead_d, serial_undead_f
D:3:      layout_loops_cross, gammafunk_ghost_smash,
          chequers_ecumenical_altar_simple_redux, nicolae_ru_path_of_blood,
          uniq_sigmund
D:4:      layout_loops_ring, hangedman_minor_gate_pass
D:5:      layout_loops_ring, chequers_temple_overflow_minitemple,
          minmay_temple_entry_enclosed_plants,
          minmay_a_box_with_orc_wizards_in_it, uniq_blork_the_orc
D:6:      layout_cave_pools, serial_shops, shop, uniq_grinder
D:8:      layout_cave_pods, kennysheep_generic_room_4, uniq_erica, uniq_joseph
D:9:      layout_roguey, zombieorc2_lemuel
Temple:   lightli_temple_of_artemis

Skill      XL: |  1  2  3  4  5  6  7  8  9 |
---------------+----------------------------+-----
Armour         | 1 2 3 4 5 6 |  6.0
Long Blades    | 3 4 5 6 |  6.7
Dodging        | 3 4 5 |  5.1
Fighting       | 3 4 5 |  5.5
Invocations    | 1 2 3 |  3.4
Throwing       | |  1.7

Action                   |  1- 3 |  4- 6 |  7- 9 || total
-------------------------+-------+-------+-------++-------
Melee: Long sword        |   123 |   145 |   388 ||   656
Throw: Throwing net      |       |     2 |     2 ||     4
  Use: Scroll            |     2 |     3 |     7 ||    12
       Potion            |       |     1 |     7 ||     8
 Stab: Held in net/web   |       |     2 |     1 ||     3
       Sleeping          |       |     1 |       ||     1
Armor: Leather armour    |    55 |    35 |   118 ||   208
Dodge: Dodged            |   105 |   108 |   296 ||   509
       Rpst.: Long sword |    28 |    30 |    91 ||   149
